 Dungeon Crawl Stone Soup version 0.21.1-1-g345015fe64 (webtiles) character file.

60 Kohma the Cudgeler (level 4, -3/29 HPs)
             Began as a Gargoyle Berserker on June 16, 2018.
             Was a Believer of Trog.
             Slain by Henning's ghost (9 damage)
             ... on level 3 of the Dungeon.
             The game lasted 00:03:27 (1578 turns).

Kohma the Cudgeler (Gargoyle Berserker)             Turns: 1578, Time: 00:03:27

Health: -3/29      AC:  7    Str: 22    XL:     4   Next: 6%
Magic:  4/4        EV: 12    Int:  7    God:    Trog [**....]
Gold:   66         SH:  0    Dex:  9    Spells: 3/3 levels left

rFire    . . .     SeeInvis .   a - +0 mace
rCold    . . .     Gourm    .   (no shield)
rNeg     + . .     Faith    .   f - +0 leather armour
rPois    ∞         Spirit   .   (no helmet)
rElec    +         Reflect  .   (no cloak)
rCorr    .         Harm     .   (no gloves)
MR       .....                  (no boots)
Stlth    +.........             (no amulet)
HPRegen  0.09/turn              (no ring)
MPRegen  0.09/turn              (no ring)

@: no status effects
A: negative energy resistance 1, electricity resistance, unbreathing,
petrification resistance, rot immunity, AC +3
a: Berserk, Trog's Hand, Burn Spellbooks, Renounce Religion


You were on level 3 of the Dungeon.
You worshipped Trog.
Trog was pleased with you.
You were not hungry.

You visited 1 branch of the dungeon, and saw 3 of its levels.

You collected 66 gold pieces.

Inventory:

Hand Weapons
 a - a +0 mace (weapon)
Armour
 b - a +0 animal skin
 f - a +0 leather armour (worn)
Scrolls
 d - a scroll of amnesia
 e - 2 scrolls of identify {unknown}
 i - 4 scrolls of remove curse {unknown}
 m - a scroll of blinking {unknown}
 o - 2 scrolls of random uselessness {unknown}
Potions
 g - a potion of ambrosia {unknown}
 h - 2 potions of curing {unknown}
 j - a potion of berserk rage {unknown}
 l - 2 potions of invisibility {unknown}
 n - a potion of lignification {unknown}
Comestibles
 c - 2 rations
 k - 4 chunks of flesh


   Skills:
 + Level 3.6 Fighting
 * Level 3.6 Maces & Flails
 * Level 3.2 Armour
 + Level 2.0 Dodging


You had 3 spell levels left.
You didn't know any spells.

Dungeon Overview and Level Annotations

Branches:
Dungeon (3/15)

Altars:

Annotations:
D:2 Sigmund
D:3 Henning's ghost, amateur TrAK


Innate Abilities, Weirdness & Mutations

You are resistant to torment.
Your stone body is resilient. (AC +3)
You are immune to poison.
You resist negative energy. (rN+)
You are resistant to electric shocks. (rElec)
You can survive without breathing.
You are immune to petrification.
You are immune to rotting.


Message History

The goblin closely misses you.
Found a glowing rapier.
An adder zombie comes into view.
You closely miss the goblin. The goblin hits you but does no damage.
You hit the goblin but do no damage. The goblin hits you but does no damage.
Henning's ghost (amateur Troll Abyssal Knight) comes into view.
You hit the goblin.
You kill the goblin!
Trog accepts your kill.
Things that are here:
a club; a goblin corpse
As you read the scroll labeled HIDGHIKK ZYBUOH, it crumbles to dust.
It is a scroll of amnesia.
You feel forgetful for a moment. The adder zombie barely misses you.
You hit Henning's ghost.
Henning's ghost is lightly damaged.
The adder zombie bites you but does no damage.
Henning's ghost hits you!
You die...

$)
#######.(.
#.@W......
#).Z..#...
#>........
#....##...
#....# ..
###### .


You could see Henning's ghost and an adder zombie.

Vanquished Creatures
  An adder (D:2)
  An ooze (D:1)
  A worm (D:2)
  2 dart slugs (D:1)
  2 leopard geckos
  An orc (D:2)
  4 bats (D:1)
  A giant cockroach (D:1)
  5 goblins
  5 hobgoblins
  3 jackals (D:1)
  2 frilled lizards
  5 kobolds (D:1)
  4 rats (D:1)
37 creatures vanquished.

Notes
Turn   | Place    | Note
-------+----------+-------------------------------------------
     0 | D:1      | Kohma the Gargoyle Berserker began the quest for the Orb.
     0 | D:1      | Reached XP level 1. HP: 14/14 MP: 1/1
   195 | D:1      | Reached XP level 2. HP: 19/19 MP: 2/2
   480 | D:1      | Reached XP level 3. HP: 21/23 MP: 3/3
  1471 | D:2      | Reached ** piety under Trog
  1482 | D:2      | Reached XP level 4. HP: 25/28 MP: 4/4
  1517 | D:2      | Noticed Sigmund
  1574 | D:3      | Noticed Henning's ghost (amateur TrAK)
  1578 | D:3      | Slain by Henning's ghost

Skill      XL: |  1  2  3 |
---------------+----------+-----
Armour         | 3 |  3.2
Dodging        | 2 |  2.0
Fighting       | |  3.6
Maces & Flails | |  3.6

Action                   |  1- 3 |  4- 6 || total
-------------------------+-------+-------++-------
Melee: Mace              |   114 |    11 ||   125
  Use: Scroll            |       |     1 ||     1
  Eat: Ration            |     1 |       ||     1
Armor: Leather armour    |    63 |    18 ||    81
       Animal skin       |     4 |       ||     4
Dodge: Dodged            |    93 |    33 ||   126
